Map: Magma Mines

Players

TimeTwist

  • Race: Zerg Zerg
  • Spawn Location: 9:00

dallaskuken

  • Race: Protoss Protoss
  • League: Silver
  • Spawn Location: 11:00

FrogMint - Winner!

  • Race: Zerg Zerg
  • Spawn Location: 1:00

Loken - Winner!

  • Race: Protoss Protoss
  • Spawn Location: 3:00

VOD

Have the link to the VOD?

Description

Time

  • Played on: March 7, 2017, 7:51 a.m.
  • Length: 8:46
Show
View Real Time Build Order
Export as new Build Order

TimeTwist Zerg 

Build Orders: Pool First 

Get SALT Encoding   

  12  0:02  Drone  
  13  0:13  Overlord  
  13  0:18  Drone  
  14  0:31  Drone  
  14  0:32  Drone  
  16  0:36  Drone  
  17  0:46  Drone, Extractor  
  17  0:57  Spawning Pool, Drone  
  17  1:09  Drone  
  18  1:19  Drone  
  19  1:29  Overlord  
  19  1:45  Queen  
  21  1:54  Hatchery  
  21  1:59  Zergling x4  
  22  2:10  Zergling x2  
  22  2:12  Zergling x2  
  22  2:15  Metabolic Boost  
  24  2:22  Queen  
  26  2:34  Drone x2  
  28  2:58  Queen  
  30  3:07  Queen, Drone  
  33  3:18  Zergling x6  
  33  3:19  Overlord  
  36  3:37  Zergling x4  
  36  3:38  Overlord  
  38  3:50  Drone x2  
  38  3:51  Drone x2, Overlord  
  42  4:01  Drone x2  
  44  4:21  Baneling Nest  
  42  4:26  Zergling x10  
  42  4:27  Zergling x4  
  42  4:30  Extractor  
  48  4:45  Zergling x8  
  52  5:07  Baneling x5  
  52  5:08  Baneling x3  
  52  5:17  Baneling x2  
  37  5:40  Zergling x6  
  37  5:41  Zergling x16  
  37  5:42  Zergling x6  
  47  6:02  Hatchery x2  
  45  6:08  Lair  
  45  6:09  Evolution Chamber  
  45  6:10  Drone x5, Evolution Chamber  
  45  6:11  Drone x2  
  49  6:23  Zergling x6  
  49  6:24  Zergling x2  
  40  6:36  Zergling x6  
  40  6:37  Zergling x2  
  44  6:41  Zerg Melee Weapons Level 1  
  44  7:00  Drone x4  
  47  7:20  Zergling x2  
  47  7:21  Zergling x14  
  43  7:34  Extractor  
  40  7:40  Zergling x2  
  40  7:41  Zergling x4  
  40  7:59  Spine Crawler  
  40  8:01  Spine Crawler  
  40  8:03  Spine Crawler  
  40  8:04  Spine Crawler  
  36  8:09  Spine Crawler  
  36  8:10  Spine Crawler  
  36  8:12  Zergling x4  
  36  8:14  Zergling x2  
  33  8:25  Zergling x6  
Show
View Real Time Build Order
Export as new Build Order

dallaskuken Protoss 

Build Orders:  

Get SALT Encoding   

  12  0:01  Probe (Chrono Boost)  
  13  0:11  Probe (Chrono Boost)  
  14  0:31  Pylon  
  14  0:36  Probe (Chrono Boost)  
  15  0:46  Assimilator  
  15  0:53  Gateway  
  15  0:56  Probe (Chrono Boost)  
  16  1:07  Probe (Chrono Boost)  
  17  1:17  Probe (Chrono Boost)  
  18  1:28  Probe (Chrono Boost)  
  19  1:39  Probe (Chrono Boost)  
  20  1:42  Cybernetics Core  
  20  1:46  Pylon  
  20  1:49  Probe (Chrono Boost)  
  21  1:56  Assimilator  
  21  2:00  Probe (Chrono Boost)  
  22  2:04  Zealot  
  25  2:19  Mothership Core (Chrono Boost)  
  26  2:25  Warp Gate  
  26  2:31  Zealot  
  28  2:38  Probe (Chrono Boost)  
  29  2:50  Probe (Chrono Boost)  
  30  3:02  Probe (Chrono Boost)  
  31  3:22  Adept  
  31  3:33  Pylon  
  31  3:35  Pylon  
  31  3:43  Gateway  
  31  3:45  Gateway  
  31  3:49  Gateway x2  
  31  3:53  Probe (Chrono Boost)  
  32  4:03  Nexus  
  32  4:05  Probe (Chrono Boost)  
  33  4:11  Twilight Council  
  34  4:17  Probe (Chrono Boost)  
  34  4:30  Pylon  
  34  4:33  Pylon  
  34  4:35  Pylon  
  34  4:45  Stalker x2, Blink  
  36  4:46  Stalker x3  
  45  5:07  Probe (Chrono Boost)  
  45  5:19  Probe (Chrono Boost)  
  46  5:31  Probe (Chrono Boost)  
  41  5:47  Stalker x5  
  51  6:10  Probe (Chrono Boost)  
  52  6:20  Sentry x3  
  52  6:21  Probe (Chrono Boost)  
  59  6:32  Mothership Core (Chrono Boost)  
  61  6:45  Assimilator  
  61  6:49  Assimilator  
  61  6:58  Adept x4  
  61  6:59  Adept  
  65  7:37  Zealot  
  65  7:38  Zealot x4  
  75  8:01  Stalker x5  
  55  8:36  Stalker x2  
  55  8:37  Stalker x3  
Show
View Real Time Build Order
Export as new Build Order

FrogMint Zerg - Winner!

Build Orders: Pool First 

Get SALT Encoding   

  12  0:01  Drone  
  13  0:12  Overlord  
  13  0:18  Drone  
  14  0:37  Spawning Pool  
  13  0:44  Drone x2  
  15  0:50  Drone  
  16  1:02  Drone  
  17  1:12  Extractor  
  17  1:13  Drone  
  17  1:22  Hatchery  
  17  1:24  Drone  
  17  1:39  Queen  
  19  1:44  Drone  
  19  1:45  Drone  
  21  1:49  Overlord  
  21  2:00  Drone  
  22  2:10  Overlord  
  22  2:17  Queen  
  24  2:23  Drone  
  24  2:24  Extractor  
  24  2:36  Roach Warren  
  23  2:37  Drone  
  24  2:48  Drone x2  
  24  2:49  Drone x2  
  28  2:54  Queen  
  30  3:00  Drone x2  
  31  3:22  Drone x4  
  35  3:40  Drone x3  
  38  3:42  Overlord x2  
  38  3:50  Overlord  
  38  3:54  Roach  
  38  3:55  Roach x2  
  44  4:02  Lair  
  44  4:09  Roach  
  46  4:10  Roach x6  
  58  4:21  Roach  
  58  4:22  Roach  
  62  4:39  Roach  
  62  4:40  Roach x2  
  62  4:44  Overlord  
  62  4:45  Overlord x3  
  68  4:51  Extractor  
  67  4:54  Extractor  
  66  5:06  Drone x4  
  70  5:08  Overlord  
  70  5:09  Overlord  
  70  5:21  Roach x4  
  74  5:22  Roach  
  80  5:44  Glial Reconstitution  
  80  5:48  Roach  
  80  5:49  Roach x8  
  98  6:34  Spire  
  97  6:48  Hatchery, Overlord  
  97  6:49  Overlord x2  
  90  7:37  Roach x2  
  90  7:38  Roach x10  
  114  7:53  Corruptor x2  
  116  8:13  Corruptor x4  
Show
View Real Time Build Order
Export as new Build Order

Loken Protoss - Winner!

Build Orders:  

Get SALT Encoding   

  12  0:01  Probe (Chrono Boost)  
  13  0:15  Pylon  
  13  0:20  Probe (Chrono Boost)  
  14  0:31  Probe (Chrono Boost)  
  15  0:38  Gateway  
  15  1:00  Gateway  
  15  1:02  Gateway  
  15  1:05  Probe (Chrono Boost)  
  16  1:16  Probe (Chrono Boost)  
  17  1:27  Cybernetics Core  
  17  1:29  Probe (Chrono Boost)  
  18  1:33  Assimilator  
  18  1:40  Assimilator, Probe (Chrono Boost)  
  19  1:56  Probe (Chrono Boost)  
  20  2:04  Warp Gate  
  20  2:07  Probe (Chrono Boost)  
  21  2:18  Probe (Chrono Boost)  
  21  2:20  Pylon  
  22  2:28  Probe (Chrono Boost)  
  23  2:38  Zealot x3  
  23  2:39  Pylon  
  28  3:05  Gateway x2  
  28  3:08  Pylon  
  29  3:27  Probe (Chrono Boost)  
  29  3:39  Robotics Facility  
  29  4:08  Stalker x4  
  29  4:09  Stalker  
  39  4:26  Observer  
  40  4:45  Pylon  
  41  4:47  Pylon, Probe (Chrono Boost)  
  41  4:50  Sentry x3  
  47  5:02  Immortal  
  47  5:05  Probe (Chrono Boost)  
  52  5:17  Probe (Chrono Boost)  
  41  5:37  Stalker x2  
  41  5:38  Stalker x3  
  45  6:13  Zealot x4  
  45  6:14  Zealot  
  51  6:36  Stalker  
  51  6:37  Stalker x3  
  59  7:01  Robotics Bay  
  57  7:54  Stalker x3  
  63  8:01  Pylon  
  63  8:02  Pylon  
Tags
 
Add a new tag
Caveats
  • Supply blocks, unpowered buildings, or Contaminate may cause inaccurate times.
  • Supply counts are checked every 10 seconds.